 Dungeon Crawl Stone Soup version 0.30.0-29-ga12c61a403 (webtiles) character file.

Game seed: 8973548465727760803

25764 Kranky the Fighter (level 12, -13/116 HPs)
             Began as a Minotaur Berserker on June 10, 2023.
             Was a High Priest of Trog.
             Mangled by a yak (34 damage)
             ... on level 4 of the Lair of Beasts.
             The game lasted 00:29:27 (15211 turns).

Kranky the Fighter (Minotaur Berserker)            Turns: 15211, Time: 00:29:27

Health: -13/116    AC: 24    Str: 32    XL:     12   Next: 92%
Magic:  11/11      EV:  2    Int:  4    God:    Trog [*****.]
Gold:   908        SH:  0    Dex: 15    Spells: 11/11 levels left

rFire   . . .        O - +8 whip "Snakebite" {venom, curare, rPois}
rCold   . . .        J - +0 buckler
rNeg    . . .        n - +7 ring mail of the Aged Flying Seas {Dex+4 Stlth+}
rPois   +            h - +1 hat
rElec   .            f - +2 cloak
rCorr   .            M - +0 pair of gloves
SInv    .            v - +2 pair of boots
Will    .....        G - amulet of reflection
Stlth   ++           u - +6 ring of strength
HPRegen 0.39/turn    I - ring of poison resistance
MPRegen 0.12/turn

%: reflection
@: sleeping
A: horns 2, retaliatory headbutt
a: Renounce Religion, Berserk, Trog's Hand, Brothers in Arms


You were on level 4 of the Lair of Beasts.
You worshipped Trog.
Trog was extremely pleased with you.
You visited 3 branches of the dungeon, and saw 18 of its levels.

You collected 908 gold pieces.

Inventory:

Hand Weapons
 N - a +3 halberd
 O - the +8 whip "Snakebite" (weapon) {venom, curare, rPois}
   (You found it on level 1 of the Lair of Beasts)

   rPois:     It protects you from poison.
 S - a +0 glaive
 V - a +3 bardiche of flaming
Missiles
 p - 6 throwing nets (quivered)
 q - 40 poisoned darts
Armour
 f - a +2 cloak (worn)
 h - a +1 hat (worn)
 n - the +7 ring mail of the Aged Flying Seas (worn) {Dex+4 Stlth+}
   (You found it on level 2 of the Dungeon)

   Dex:       It affects your dexterity (+4).
   Stlth:     It makes you more stealthy.
 v - a +2 pair of boots (worn)
 J - a +0 buckler (worn)
 M - a +0 pair of gloves (worn)
 U - +0 acid dragon scales
Jewellery
 b - a ring of positive energy
 u - a +6 ring of strength (left hand)
 G - an amulet of reflection (around neck)
 I - a ring of poison resistance (right hand)
 K - a ring of flight
 W - an amulet of magic regeneration
 Y - a ring of protection from cold
Wands
 a - a wand of charming (7)
 r - a wand of polymorph (9)
 s - a wand of mindburst (15)
 E - a wand of roots (13)
 F - a wand of flame (69)
 Q - a wand of digging (2)
 T - a wand of acid (6)
Scrolls
 c - 8 scrolls of teleportation
 e - 2 scrolls of enchant armour
 g - 11 scrolls of identify
 k - 2 scrolls of fog {unknown}
 l - 2 scrolls of blinking
 o - 4 scrolls of vulnerability
 w - 3 scrolls of amnesia
 y - 3 scrolls of enchant weapon {unknown}
 H - a scroll of magic mapping
 Z - a scroll of brand weapon {unknown}
Potions
 i - 3 potions of mutation
 j - 3 potions of ambrosia
 m - 4 potions of invisibility
 t - 4 potions of cancellation
 x - 7 potions of curing
 z - 2 potions of flight
 A - 4 potions of degeneration
 B - 2 potions of brilliance
 C - a potion of haste {unknown}
 D - 2 potions of might {unknown}
 L - 3 potions of attraction {unknown}
 P - a potion of lignification {unknown}
 X - a potion of magic {unknown}
Miscellaneous
 d - a phial of floods


   Skills:
 + Level 13.8 Fighting
 + Level 4.3 Maces & Flails
 - Level 13.0 Polearms
 + Level 13.5 Armour
 - Level 8.0 Dodging
 + Level 5.1 Shields
 - Level 6.0 Evocations


You had 11 spell levels left.
You didn't know any spells.
Your spell library was empty.

Dungeon Overview and Level Annotations

Branches:
Dungeon (13/15)            Temple (0/1) D:7            Lair (4/5) D:11
 Shoals (0/4) Lair:2        Snake (1/4) Lair:2          Orc (0/2) D:9
  Slime: Lair:4-5    Vaults: D:13-14

Altars:
Hepliaklqana
Kikubaaqudgha
Okawaru
Qazlal
Ru
Sif Muna
Vehumet
Xom
Yredelemnul
Zin
The Shining One

Shops:
D:5 *   Snake:1 *

Annotations:
D:9 5 runed translucent doors, exclusion: 3 doors
D:11 3 runed translucent doors, exclusion: obsidian statue
Snake:1 Roxanne


Innate Abilities, Weirdness & Mutations

You have a pair of horns on your head.
You reflexively headbutt those who attack you in melee.


Message History

You block the bullfrog's attack.
You have turned to stone.
You are engulfed in calcifying dust.
The bullfrog hits you but does no damage.
The yak gores you.
* * * LOW HITPOINT WARNING * * *
The bullfrog hits you but does no damage.
The yak gores you but does no damage.
The bullfrog hits you but does no damage.
The bullfrog hits you.
* * * LOW HITPOINT WARNING * * *
The yak completely misses you.
The bullfrog hits you but does no damage.
The yak gores you. The bullfrog completely misses you. The bullfrog hits you.
* * * LOW HITPOINT WARNING * * *
The yak gores you but does no damage.
The bullfrog hits you but does no damage.
The yak gores you!
* * * LOW HITPOINT WARNING * * *
The bullfrog hits you.
* * * LOW HITPOINT WARNING * * *
The bullfrog hits you.
* * * LOW HITPOINT WARNING * * *
The yak gores you but does no damage.
You kill the bullfrog!
Trog accepts your kill. The yak gores you but does no damage.
You turn to flesh and can move again.
You hit the yak.
The yak is poisoned.
The yak looks as sick as possible!
The yak convulses.
The yak seems to slow down.
The yak is heavily wounded.
You block the yak's attack. The yak gores you!
* * * LOW HITPOINT WARNING * * *
You barely miss the yak.
The yak is heavily wounded.
You block the yak's attack.
The dream sheep shake their wool and sparkle.
You feel drowsy...
You fall asleep.
The yak gores you!!
You die...

. .#..#.......# ##.
#.###..### ...### # #..#
......# #.## ......S##
#..# $....YYY#######.##
#####
.....YSYY..##.#.###P...#
.....##YY#.............+
... ##@##..#...#.##P## .
#######.#.##.# #.######
#.# #.. #.# #+#


You could see 4 yaks, 2 water moccasins and 4 dream sheep.

Vanquished Creatures
  A hydra (Lair:2)
  Harold (D:10)
  A catoblepas (Lair:4)
  A skeletal warrior (D:13)
  A cyclops (D:12)
  2 manticores (D:11)
  A centaur zombie (D:13)
  An elephant (D:11)
  Joseph (D:10)
  2 black mambas (Lair:1)
  2 cane toads
  4 kobold demonologists (D:9)
  An unseen horror (D:11)
  A rime drake (Lair:3)
  3 komodo dragons (Lair:1)
  A troll (D:10)
  A polar bear (Lair:2)
  5 blink frogs (Lair:2)
  5 slime creatures (D:12)
  Sigmund (D:3)
  A vampire (D:12)
  4 wraiths
  2 wyverns
  2 water elementals (D:12)
  28 yaks
  4 basilisks
  10 vampire mosquitoes
  A steam dragon (D:7)
  Menkaure (D:4)
  3 acid dragons
  A naga (Lair:2)
  21 water moccasins
  Pargi (D:4)
  2 ice beasts (D:5)
  3 black bears
  3 orc warriors
  2 sky beasts
  2 ogres
  5 boggarts (D:11)
  3 centaurs
  A phantom (D:5)
  6 wolves
  A kobold brigand (D:8)
  16 bullfrogs
  A necrophage (D:7)
  5 scorpions
  12 wights
  A howler monkey (D:9)
  3 jellies
  A gnoll bouda (D:7)
  2 hounds (D:5)
  3 orc priests
  Jessica (D:3)
  A bullfrog skeleton (D:7)
  3 iguanas
  2 sleepcaps (D:5)
  5 orc wizards
  Robin (D:4)
  13 gnolls
  9 adders
  2 white imps (D:7)
  2 ufetubi
  2 dart slugs
  28 orcs
  9 ball pythons
  5 endoplasms
  6 giant cockroaches
  19 goblins
  13 hobgoblins
  8 jackals
  15 kobolds
  2 quokkas
  3 bats
  4 frilled lizards
  3 rats
343 creatures vanquished.

Vanquished Creatures (collateral kills)
  A wraith (D:7)
1 creature vanquished.

Grand Total: 344 creatures vanquished

Notes
Turn   | Place    | Note
-------+----------+-------------------------------------------
     0 | D:1      | Kranky the Minotaur Berserker began the quest for the Orb.
     0 | D:1      | Reached XP level 1. HP: 19/19 MP: 0/0
   433 | D:1      | Reached XP level 2. HP: 27/27 MP: 1/1
  1100 | D:2      | Reached XP level 3. HP: 33/33 MP: 2/2
  1129 | D:2      | Reached ** piety under Trog
  1180 | D:2      | Identified the +7 ring mail of the Aged Flying Seas {Dex+4
                  | Stlth+}
  1434 | D:2      | Reached XP level 4. HP: 33/40 MP: 3/3
  1787 | D:3      | Noticed Jessica
  1803 | D:3      | Killed Jessica
  1944 | D:3      | Reached XP level 5. HP: 47/47 MP: 4/4
  1978 | D:3      | Found a faded altar of an unknown god.
  2337 | D:3      | Reached skill level 5 in Polearms
  2339 | D:3      | Noticed Sigmund
  2344 | D:3      | Killed Sigmund
  2345 | D:3      | Reached skill level 5 in Fighting
  2345 | D:3      | Reached XP level 6. HP: 49/56 MP: 5/5
  2712 | D:4      | Noticed Robin
  2719 | D:4      | Killed Robin
  2719 | D:4      | Reached *** piety under Trog
  2770 | D:4      | Noticed Menkaure
  2774 | D:4      | Killed Menkaure
  2775 | D:4      | Reached skill level 5 in Armour
  2775 | D:4      | Reached XP level 7. HP: 62/62 MP: 6/6
  3147 | D:4      | Reached **** piety under Trog
  3235 | D:4      | Reached skill level 5 in Dodging
  3258 | D:4      | Noticed Pargi
  3265 | D:4      | Killed Pargi
  3410 | D:5      | Entered Level 5 of the Dungeon
  3419 | D:5      | Reached XP level 8. HP: 71/71 MP: 7/7
  3634 | D:5      | Found Vudu's Gadget Gallery.
  3766 | D:5      | Found a shimmering blue altar of Sif Muna.
  3768 | D:5      | Found a sacrificial altar of Ru.
  3771 | D:5      | Found a stormy altar of Qazlal.
  4406 | D:6      | Found a glowing golden altar of the Shining One.
  4417 | D:6      | You fall into a shaft and drop 3 floors!
  5021 | D:7      | Found a staircase to the Ecumenical Temple.
  5033 | D:7      | Reached XP level 9. HP: 68/81 MP: 8/8
  5037 | D:7      | Reached ***** piety under Trog
  5403 | D:7      | Found a radiant altar of Vehumet.
  5501 | D:7      | Reached skill level 1 in Evocations
  5811 | D:7      | Found a transporter.
  5873 | D:7      | Found a transporter.
  5873 | D:7      | Found a basalt altar of Yredelemnul.
  5883 | D:7      | Found an ancient bone altar of Kikubaaqudgha.
  6503 | D:8      | Reached XP level 10. HP: 91/91 MP: 9/9
  6664 | D:8      | Found a shimmering altar of Xom.
  6664 | D:8      | Found an iron altar of Okawaru.
  7660 | D:8      | Reached skill level 10 in Fighting
  7664 | D:8      | Reached skill level 10 in Polearms
  7908 | D:9      | Reached skill level 10 in Armour
  8106 | D:9      | Found a hazy altar of Hepliaklqana.
  8148 | D:9      | Noticed a wolf spider
  8151 | D:9      | Found a runed translucent gate.
  8151 | D:9      | Noticed a wolf spider
  8151 | D:9      | Noticed a wolf spider
  8152 | D:9      | Noticed a wolf spider
  8152 | D:9      | Noticed a wolf spider
  8153 | D:9      | Found a runed translucent gate.
  8153 | D:9      | Found a runed translucent gate.
  8155 | D:9      | Noticed a black mamba
  8155 | D:9      | Noticed a wolf spider
  8155 | D:9      | Noticed a black mamba
  8162 | D:9      | Found a runed translucent door.
  8171 | D:9      | Found the +9 staff of Olgreb {rPois∞}
  8175 | D:9      | Found a runed translucent door.
  8261 | D:9      | Noticed a rust devil
  8263 | D:9      | Noticed a smoke demon
  8435 | D:9      | Reached XP level 11. HP: 101/101 MP: 10/10
  8450 | D:9      | Reached skill level 5 in Evocations
  8488 | D:9      | Found a staircase to the Orcish Mines.
  8584 | D:9      | Found a glowing silver altar of Zin.
  8731 | D:10     | Entered Level 10 of the Dungeon
  8906 | D:10     | Noticed Joseph
  8926 | D:10     | Killed Joseph
  9103 | D:10     | Noticed Harold
  9124 | D:10     | Killed Harold
  9429 | D:11     | Found a runed translucent door.
  9809 | D:11     | Found a runed translucent door.
  9825 | D:11     | Found a runed translucent door.
  9839 | D:11     | Found a runed translucent door.
 10144 | D:11     | Found a staircase to the Lair.
 10588 | D:11     | Noticed an obsidian statue
 11424 | D:13     | Noticed a skeletal warrior
 11435 | D:13     | Reached XP level 12. HP: 106/113 MP: 11/11
 11534 | Lair:1   | Entered Level 1 of the Lair of Beasts
 11591 | Lair:1   | Received a gift from Trog
 12154 | Lair:1   | Reached skill level 1 in Shields
 12406 | Lair:1   | Found the +8 whip "Snakebite" {venom, curare, rPois}
 12686 | Lair:2   | Found a staircase to the Shoals.
 12700 | Lair:2   | Reached skill level 1 in Maces & Flails
 12961 | Lair:2   | Found a staircase to the Snake Pit.
 12983 | Lair:2   | Reached ****** piety under Trog
 13061 | Lair:2   | Noticed a six-headed hydra
 13071 | Lair:2   | Killed a six-headed hydra
 13875 | Snake:1  | Entered Level 1 of the Snake Pit
 13875 | Snake:1  | Identified Roxanne's Omnibus of Alteration
 13875 | Snake:1  | Noticed Roxanne
 13875 | Snake:1  | Found Aypenn's Alliterative Accessories.
 13896 | Snake:1  | HP: 2/116 [Roxanne/bolt of magma (29)]
 15143 | Lair:4   | Received a gift from Trog
 15144 | Lair:4   | Reached skill level 5 in Shields
 15170 | Lair:4   | Noticed a catoblepas
 15198 | Lair:4   | Killed a catoblepas
 15211 | Lair:4   | Mangled by a yak

Illustrated notes

Levels and vault maps discovered:
D:1:      elethiomel_arrival_infinity_welcomes_careful_drivers,
          layout_loops_corners, nrook_mini_vaults, minmay_misc_feat_tiny,
          minmay_shallow_snake_nest
D:2:      layout_basic
D:3:      layout_loops_cross, shapermc_ecumenical_altar_hornbeckon,
          uniq_sigmund, uniq_jessica
D:4:      corexii_shantytown, layout_cave_pools, minmay_vboxes, uniq_robin,
          uniq_pargi, uniq_menkaure
D:5:      layout_basic, minmay_overflow_temple_star_quad, nicolae_shop_gadgets
D:6:      layout_loops_ring, nicolae_tso_carved_into_rock, serial_park_tiny_2
D:7:      layout_loops_corners, gammafunk_temple_of_torment,
          nicolae_vehumet_altar_sigil, minmay_temple_entry_junction_2,
          minmay_joined_circles
D:8:      layout_cave_pods, amethyst_overflow_temple_binary,
          hangedman_decor_opposing
D:9:      layout_gridville, zin_scriptorium, mainiacjoe_overflow_alcove_1,
          orc_0_dummy, minmay_guarded_unrand_staff_of_olgreb
D:10:     layout_rooms, uniq_joseph, uniq_harold
D:11:     layout_loops_cross, david_lair_generic, minmay_statue_crystal_thing
D:12:     layout_long_grid, nicolae_lava_and_water
D:13:     layout_irregular_city, lightli_vaults_fourway_checkpoint,
          serial_undead, serial_undead_e, serial_undead_b, serial_undead_c,
          serial_undead_b, serial_park_tiny_1
Lair:1:   minmay_guarded_unrand_snakebite, layout_chaotic_city
Lair:2:   layout_small_grid, shoals_dummy_entry, guppyfry_snake_entry_garden,
          lemuel_fruit_fields, grunt_megastairs_2
Lair:3:   layout_loops_ring, st_stairs_10, serial_bayou_shore_b
Lair:4:   layout_roguey [special_room_mythical_zoo]
Snake:1:  kennysheep_snake, layout_chambers, nicolae_alphabet_shops,
          nicolae_shop_vocational, grunt_megastairs_3, uniq_roxanne, uniq_donald

Skill      XL: |  1  2  3  4  5  6  7  8  9 10 11 12 |
---------------+-------------------------------------+-----
Polearms       | 4 5 6 8 9 10 12 13 | 13.0
Fighting       | 4 5 6 8 9 10 12 13 | 13.8
Armour         | 3 4 5 6 7 8 10 12 13 | 13.5
Dodging        | 3 4 5 6 8 |  8.0
Evocations     | 2 4 6 |  6.0
Shields        | 5 |  5.1
Maces & Flails | 4 |  4.3

Action                     |  1- 3 |  4- 6 |  7- 9 | 10-12 || total
---------------------------+-------+-------+-------+-------++-------
  Melee: Spear             |   106 |    79 |       |       ||   185
         Headbutt          |    12 |     9 |    38 |   150 ||   209
         Punch             |       |     2 |       |       ||     2
         Halberd           |       |    19 |   257 |   477 ||   753
         Glaive            |       |       |       |     1 ||     1
         Whip              |       |       |       |   184 ||   184
 Invoke: Trog's Hand       |       |       |     1 |       ||     1
         Brothers in Arms  |       |       |     1 |       ||     1
  Evoke: Wand              |       |     2 |       |     3 ||     5
    Use: Scroll            |       |       |    16 |     4 ||    20
         Potion            |       |       |       |     3 ||     3
   Stab: Sleeping          |     1 |     4 |    10 |     1 ||    16
         Distracted        |       |       |     2 |       ||     2
         Petrified         |       |       |       |     5 ||     5
 Armour: Scale mail        |     6 |       |       |       ||     6
         Animal skin       |     1 |       |       |       ||     1
         Ring mail         |    10 |    23 |   103 |   265 ||   401
  Dodge: Dodged            |    36 |    48 |   138 |   341 ||   563
  Block: Other             |       |       |     1 |    95 ||    96
         Reflection        |       |       |       |     6 ||     6
         Buckler           |       |       |       |    99 ||    99
